% Time on Ice - LAS VEGAS LIZARD KINGS
Lines # - Real PCT - Wanted PCT - Time Play
Normal Forward
1 - 35% - 38% - 18:37
2 - 29% - 30% - 15:33
3 - 24% - 26% - 13:01
4 - 12% - 6% - 6:34
Normal Defense
1 - 31% - 45% - 16:29
2 - 34% - 35% - 18:24
3 - 27% - 20% - 14:24
4 - 8% - 0% - 4:28
PP Forward
1 - 56% - 80% - 2:14
2 - 44% - 20% - 1:44
PP Defense
1 - 58% - 80% - 2:17
2 - 42% - 20% - 1:41
PK Forward
1 - 63% - 70% - 1:26
2 - 37% - 30% - 0:51
PK Defense
1 - 59% - 50% - 1:21
2 - 41% - 50% - 0:56
PK3 Forward
1 - 0% - 55%
2 - 0% - 45%
PK3 Defense
1 - 0% - 55%
2 - 0% - 45%
44 Forward
1 - 0% - 55%
2 - 0% - 45%
44 Defense
1 - 0% - 55%
2 - 0% - 45%
Last Minute Offensive  - 0:00
Last Minute Defensive  - 0:00
Total
Forward - 60:00
Defense - 60:00
% Time on Ice - SAN JOSE BRONCOS
Lines # - Real PCT - Wanted PCT - Time Play
Normal Forward
1 - 30% - 30% - 15:53
2 - 31% - 30% - 16:49
3 - 29% - 30% - 15:47
4 - 10% - 10% - 5:16
Normal Defense
1 - 34% - 35% - 18:13
2 - 36% - 35% - 19:17
3 - 30% - 30% - 16:15
4 - 0% - 0% - 0:00
PP Forward
1 - 58% - 50% - 1:20
2 - 42% - 50% - 0:57
PP Defense
1 - 58% - 50% - 1:20
2 - 42% - 50% - 0:57
PK Forward
1 - 44% - 50% - 1:44
2 - 56% - 50% - 2:14
PK Defense
1 - 50% - 50% - 1:59
2 - 50% - 50% - 1:59
PK3 Forward
1 - 0% - 50%
2 - 0% - 50%
PK3 Defense
1 - 0% - 50%
2 - 0% - 50%
44 Forward
1 - 0% - 50%
2 - 0% - 50%
44 Defense
1 - 0% - 50%
2 - 0% - 50%
Last Minute Offensive  - 0:00
Last Minute Defensive  - 0:00
Total
Forward - 60:00
Defense - 60:00
Play-by-Play 1st period 0:01 of 1st period - Brayden Point wins face-off versus Ryan Nugent-Hopkins in neutral zone. 0:28 of 1st period - Shot by Johnny Gaudreau. 0:28 of 1st period - Shot Blocked by Brayden Point. 1:09 of 1st period - Brandon Hagel is hit by Adam Pelech and loses puck. 1:23 of 1st period - Icing by Adam Pelech. 1:24 of 1st period - Elias Lindholm wins face-off versus Dylan Gambrell in SAN JOSE BRONCOS zone. 1:43 of 1st period - Derek Ryan is hit by Zdeno Chara and loses puck. 2:24 of 1st period - Shot by Bobby Ryan. 2:24 of 1st period - Deflect By Evan Rodrigues. 2:24 of 1st period - Stopped by Jacob Markstrom without a rebound. 2:25 of 1st period - Sean Monahan wins face-off versus Brayden Point in SAN JOSE BRONCOS zone. 2:36 of 1st period - Shot by Sean Monahan. 2:36 of 1st period - Shot Blocked by Neal Pionk. 2:50 of 1st period - Shot by Brandon Hagel. 2:50 of 1st period - Shot Misses the Net. 2:52 of 1st period - Shot by Brayden McNabb. 2:52 of 1st period - Shot Blocked by Neal Pionk. 2:54 of 1st period - Shot by Brandon Hagel. 2:54 of 1st period - Shot Misses the Net. 2:56 of 1st period - Shot by Nino Niederreiter. 2:56 of 1st period - Stopped by Jacob Markstrom without a rebound. 2:57 of 1st period - Mikael Granlund wins face-off versus Ryan Nugent-Hopkins in SAN JOSE BRONCOS zone. 3:11 of 1st period - Shot by Johnny Gaudreau. 3:11 of 1st period - Stopped by Jacob Markstrom without a rebound. 3:12 of 1st period - Anthony Beauvillier wins face-off versus Derek Ryan in SAN JOSE BRONCOS zone. 3:12 of 1st period - Anthony Beauvillier is hit by Barclay Goodrow. 3:15 of 1st period - Minor Penalty to Barclay Goodrow for Roughing. 3:16 of 1st period - Brayden Point wins face-off versus Derek Ryan in LAS VEGAS LIZARD KINGS zone. 3:29 of 1st period - Shot by Brayden Point. 3:29 of 1st period - Deflect By Oliver Bjorkstrand. 3:29 of 1st period - Stopped by Marc-Andre Fleury with a rebound. 3:31 of 1st period - Shot by Brayden Point. 3:31 of 1st period - Shot Misses the Net. 3:33 of 1st period - Shot by Mike Reilly. 3:33 of 1st period - Goal by Mike Reilly - LAS VEGAS LIZARD KINGS : 0 - SAN JOSE BRONCOS : 1. 3:34 of 1st period - Ryan Nugent-Hopkins wins face-off versus Mikael Granlund in neutral zone. 3:52 of 1st period - Shot by David Kampf. 3:52 of 1st period - Shot Misses the Net. 3:54 of 1st period - Shot by Adam Pelech. 3:54 of 1st period - Stopped by Marc-Andre Fleury with a rebound. 4:10 of 1st period - Shot by Victor Olofsson. 4:10 of 1st period - Stopped by Jacob Markstrom with a rebound. 4:29 of 1st period - Icing by Johnny Gaudreau. 4:30 of 1st period - Elias Lindholm wins face-off versus Ryan Nugent-Hopkins in LAS VEGAS LIZARD KINGS zone. 4:39 of 1st period - Shot by Elias Lindholm. 4:39 of 1st period - Shot Misses the Net. 4:41 of 1st period - Shot by Connor Brown. 4:41 of 1st period - Stopped by Marc-Andre Fleury with a rebound. 4:43 of 1st period - Shot by Connor Brown. 4:43 of 1st period - Shot Misses the Net. 4:45 of 1st period - Shot by Anthony Beauvillier. 4:45 of 1st period - Stopped by Marc-Andre Fleury without a rebound. 4:46 of 1st period - Derek Ryan wins face-off versus Brayden Point in LAS VEGAS LIZARD KINGS zone. 4:46 of 1st period - Derek Ryan is hit by Jesper Bratt. 4:49 of 1st period - Icing by Barclay Goodrow. 4:50 of 1st period - Elias Lindholm wins face-off versus Derek Ryan in LAS VEGAS LIZARD KINGS zone. 5:07 of 1st period - Shot by Dylan Gambrell. 5:07 of 1st period - Stopped by Jacob Markstrom without a rebound. 5:08 of 1st period - Sean Monahan wins face-off versus Jesper Boqvist in SAN JOSE BRONCOS zone. 5:20 of 1st period - Shot by Brandon Hagel. 5:20 of 1st period - Stopped by Jacob Markstrom without a rebound. 5:21 of 1st period - Derek Ryan wins face-off versus Brayden Point in SAN JOSE BRONCOS zone. 5:51 of 1st period - Minor Penalty to Brayden McNabb for Hooking. 5:52 of 1st period - Derek Ryan wins face-off versus Mikael Granlund in LAS VEGAS LIZARD KINGS zone. 5:52 of 1st period - Derek Ryan is hit by Jesper Bratt. 7:09 of 1st period - Shot by Brayden Point. 7:09 of 1st period - Stopped by Marc-Andre Fleury without a rebound. 7:10 of 1st period - Dylan Gambrell wins face-off versus Brayden Point in LAS VEGAS LIZARD KINGS zone. 7:57 of 1st period - Minor Penalty to Tyler Motte for Goalie Interference. 7:58 of 1st period - Sean Monahan wins face-off versus David Kampf in SAN JOSE BRONCOS zone. 8:33 of 1st period - Shot by Victor Olofsson. 8:33 of 1st period - Stopped by Jacob Markstrom without a rebound. 8:34 of 1st period - Mikael Granlund wins face-off versus Ryan Nugent-Hopkins in SAN JOSE BRONCOS zone. 9:29 of 1st period - Connor Brown is hit by Brandon Hagel and loses puck. 10:07 of 1st period - Dylan Gambrell is hit by Adam Pelech and loses puck. 10:23 of 1st period - Dylan Gambrell is hit by Zdeno Chara and loses puck. 10:37 of 1st period - Shot by Olli Maatta. 10:37 of 1st period - Stopped by Jacob Markstrom without a rebound. 10:38 of 1st period - Elias Lindholm wins face-off versus Ryan Nugent-Hopkins in SAN JOSE BRONCOS zone. 10:38 of 1st period - Elias Lindholm is hit by Victor Olofsson. 10:58 of 1st period - Shot by Johnny Gaudreau. 10:58 of 1st period - Stopped by Jacob Markstrom with a rebound. 11:06 of 1st period - Shot by Ryan Nugent-Hopkins. 11:06 of 1st period - Stopped by Jacob Markstrom without a rebound. 11:07 of 1st period - Mikael Granlund wins face-off versus Sean Monahan in SAN JOSE BRONCOS zone. 11:07 of 1st period - Mikael Granlund is hit by Sean Monahan. 12:14 of 1st period - Ryan Nugent-Hopkins is hit by Mike Reilly and loses puck. 12:27 of 1st period - Shot by Elias Lindholm. 12:27 of 1st period - Shot Blocked by Kevan Miller. 12:27 of 1st period - Kevan Miller from LAS VEGAS LIZARD KINGS is injured at 12:27 of 1st period (Lower Body). 12:28 of 1st period - Derek Ryan wins face-off versus Brayden Point in LAS VEGAS LIZARD KINGS zone. 12:28 of 1st period - Derek Ryan is hit by Oliver Bjorkstrand. 12:29 of 1st period - Derek Ryan from LAS VEGAS LIZARD KINGS is injured at 12:29 of 1st period (Bruised Right Foot). 12:30 of 1st period - Sean Monahan wins face-off versus Brayden Point in LAS VEGAS LIZARD KINGS zone. 13:28 of 1st period - Jesper Bratt is hit by Johnny Gaudreau and loses puck. 13:37 of 1st period - Shot by Ryan Nugent-Hopkins. 13:37 of 1st period - Stopped by Jacob Markstrom without a rebound. 13:38 of 1st period - Mikael Granlund wins face-off versus Evan Rodrigues in SAN JOSE BRONCOS zone. 13:43 of 1st period - Olli Maatta is hit by David Kampf. 14:33 of 1st period - Jaccob Slavin is hit by Ryan Nugent-Hopkins and loses puck. 14:46 of 1st period - Shot by Ryan Nugent-Hopkins. 14:46 of 1st period - Stopped by Jacob Markstrom with a rebound. 15:39 of 1st period - Shot by Connor Brown. 15:39 of 1st period - Shot Misses the Net. 15:51 of 1st period - Shot by Connor Brown. 15:51 of 1st period - Stopped by Marc-Andre Fleury without a rebound. 15:52 of 1st period - Sean Monahan wins face-off versus Jesper Bratt in LAS VEGAS LIZARD KINGS zone. 16:05 of 1st period - Shot by Oliver Bjorkstrand. 16:05 of 1st period - Shot Misses the Net. 16:25 of 1st period - Shot by Dylan Gambrell. 16:25 of 1st period - Shot Misses the Net. 17:04 of 1st period - Icing by Elias Lindholm. 17:05 of 1st period - Elias Lindholm wins face-off versus Ryan Nugent-Hopkins in SAN JOSE BRONCOS zone. 17:12 of 1st period - Shot by Connor Brown. 17:12 of 1st period - Stopped by Marc-Andre Fleury without a rebound. 17:13 of 1st period - Ryan Nugent-Hopkins wins face-off versus Elias Lindholm in LAS VEGAS LIZARD KINGS zone. 17:40 of 1st period - Off-side. 17:41 of 1st period - Sean Monahan wins face-off versus Jesper Boqvist in neutral zone. 17:46 of 1st period - Shot by Sean Monahan. 17:46 of 1st period - Shot Misses the Net. 17:48 of 1st period - Shot by Brayden McNabb. 17:48 of 1st period - Stopped by Jacob Markstrom with a rebound. 17:50 of 1st period - Shot by John Marino. 17:50 of 1st period - Stopped by Jacob Markstrom without a rebound. 17:51 of 1st period - David Kampf wins face-off versus Sean Monahan in SAN JOSE BRONCOS zone. 19:19 of 1st period - Shot by Johnny Gaudreau. 19:19 of 1st period - Shot Blocked by Mike Reilly. 19:39 of 1st period - Shot by Brayden Point. 19:39 of 1st period - Shot Blocked by Brayden McNabb. 19:41 of 1st period - Shot by Jesper Bratt. 19:41 of 1st period - Shot Blocked by Brayden McNabb. 19:43 of 1st period - Shot by Jaccob Slavin. 19:43 of 1st period - Shot Blocked by Brayden McNabb. 19:45 of 1st period - Shot by Jesper Bratt. 19:45 of 1st period - Shot Blocked by Ryan Nugent-Hopkins. 19:51 of 1st period - Shot by Jesper Bratt. 19:51 of 1st period - Shot Misses the Net. 19:53 of 1st period - Shot by Jaccob Slavin. 19:53 of 1st period - Stopped by Marc-Andre Fleury without a rebound. 19:54 of 1st period - Jesper Boqvist wins face-off versus Sean Monahan in LAS VEGAS LIZARD KINGS zone. Goals for this period are 0 for LAS VEGAS LIZARD KINGS vs 1 for SAN JOSE BRONCOS. Shots for this period are 14 for LAS VEGAS LIZARD KINGS vs 9 for SAN JOSE BRONCOS. 2nd period 0:01 of 2nd period - Sean Monahan wins face-off versus Jesper Boqvist in neutral zone. 0:11 of 2nd period - Icing by David Kampf. 0:12 of 2nd period - Sean Monahan wins face-off versus Jesper Boqvist in SAN JOSE BRONCOS zone. 0:16 of 2nd period - Icing by Neal Pionk. 0:17 of 2nd period - David Kampf wins face-off versus Sean Monahan in SAN JOSE BRONCOS zone. 1:25 of 2nd period - Shot by Connor Brown. 1:25 of 2nd period - Stopped by Marc-Andre Fleury without a rebound. 1:26 of 2nd period - Brayden Point wins face-off versus Ryan Nugent-Hopkins in LAS VEGAS LIZARD KINGS zone. 1:27 of 2nd period - Shot by Jesper Bratt. 1:27 of 2nd period - Stopped by Marc-Andre Fleury without a rebound. 1:28 of 2nd period - Ryan Nugent-Hopkins wins face-off versus Brayden Point in LAS VEGAS LIZARD KINGS zone. 1:33 of 2nd period - Brayden Point is hit by Ryan Nugent-Hopkins and loses puck. 1:46 of 2nd period - Shot by Oliver Bjorkstrand. 1:46 of 2nd period - Stopped by Marc-Andre Fleury with a rebound. 1:48 of 2nd period - Shot by Brayden Point. 1:48 of 2nd period - Shot Misses the Net. 1:50 of 2nd period - Shot by Oliver Bjorkstrand. 1:50 of 2nd period - Shot Blocked by Matt Roy. 1:56 of 2nd period - Shot by Jesper Bratt. 1:56 of 2nd period - Shot Misses the Net. 1:58 of 2nd period - Shot by Mike Reilly. 1:58 of 2nd period - Shot Blocked by Nick Leddy. 2:00 of 2nd period - Shot by Jesper Bratt. 2:00 of 2nd period - Goal by Jesper Bratt - LAS VEGAS LIZARD KINGS : 0 - SAN JOSE BRONCOS : 2. 2:01 of 2nd period - Barclay Goodrow wins face-off versus Mikael Granlund in neutral zone. 2:16 of 2nd period - Shot by Dylan Gambrell. 2:16 of 2nd period - Shot Misses the Net. 2:18 of 2nd period - Shot by Dylan Gambrell. 2:18 of 2nd period - Stopped by Jacob Markstrom without a rebound. 2:19 of 2nd period - Elias Lindholm wins face-off versus Evan Rodrigues in SAN JOSE BRONCOS zone. 2:34 of 2nd period - Shot by Connor Brown. 2:34 of 2nd period - Stopped by Marc-Andre Fleury without a rebound. 2:35 of 2nd period - Mikael Granlund wins face-off versus Ryan Nugent-Hopkins in LAS VEGAS LIZARD KINGS zone. 3:01 of 2nd period - Minor Penalty to Oliver Wahlstrom for Slashing. 3:02 of 2nd period - Ryan Nugent-Hopkins wins face-off versus Mikael Granlund in SAN JOSE BRONCOS zone. 4:13 of 2nd period - Shot by Victor Olofsson. 4:13 of 2nd period - Shot Misses the Net. 4:15 of 2nd period - Shot by John Marino. 4:15 of 2nd period - Stopped by Jacob Markstrom without a rebound. 4:16 of 2nd period - Sean Monahan wins face-off versus Mikael Granlund in SAN JOSE BRONCOS zone. 4:21 of 2nd period - Shot by Brandon Hagel. 4:21 of 2nd period - Shot Blocked by Neal Pionk. 4:23 of 2nd period - Shot by John Marino. 4:23 of 2nd period - Shot Misse